 Dungeon Crawl Stone Soup version 0.30-a0-1066-g63dfefce0d (webtiles) character file.

Game seed: 4254621898802079058

398 BlueFish the Sneak (level 6, -6/43 HPs)
             Began as an Octopode Fighter on Apr 12, 2023.
             Constricted to death by Ijyb (8 damage)
             ... on level 3 of the Dungeon.
             The game lasted 00:04:50 (2251 turns).

BlueFish the Sneak (Octopode Fighter)               Turns: 2251, Time: 00:04:51

Health: -6/43      AC:  1    Str: 17    XL:     6   Next: 83%
Magic:  6/6        EV: 10    Int: 10    God:
Gold:   109        SH:  5    Dex: 12    Spells: 5/5 levels left

rFire   . . .      SeeInvis .    a - +0 whip
rCold   . . .      Faith    .    o - +0 buckler
rNeg    . . .      Spirit   .    (helmet restricted)
rPois   .          Reflect  .    (no amulet)
rElec   .          Rampage  .    (no ring)
rCorr   .                        (no ring)
Will    .....                    (no ring)
Stlth   ++++                     (no ring)
HPRegen 0.27/turn                (no ring)
MPRegen 0.10/turn                (no ring)
                                 (no ring)
                                 (no ring)

@: grasped by roots, constricted
A: almost no armour, amphibious, 8 rings, camouflage 1, gelatinous body 1,
(nimble swimmer 1), tentacles
a: no special abilities


You were on level 3 of the Dungeon.
You visited 1 branch of the dungeon, and saw 3 of its levels.

You collected 109 gold pieces.

Inventory:

Hand Weapons
 a - a +0 whip (weapon)
 b - a +0 sling
 i - a +0 flail
Missiles
 e - 26 stones (quivered)
 p - 5 boomerangs
Armour
 o - a +0 buckler (worn)
Scrolls
 d - a scroll of brand weapon {unknown}
 f - 5 scrolls of identify {unknown}
 g - a scroll of teleportation {unknown}
 j - a scroll of summoning {unknown}
 k - a scroll of poison {unknown}
 m - a scroll of magic mapping {unknown}
Potions
 c - a potion of might
 h - a potion of curing {unknown}
 l - a potion of lignification {unknown}
 n - 2 potions of degeneration {unknown}
 q - a potion of attraction {unknown}


   Skills:
 + Level 3.9 Fighting
 + Level 3.1 Maces & Flails
 + Level 1.2 Ranged Weapons
 + Level 1.4 Throwing
 + Level 3.9 Dodging
 * Level 5.1 Stealth
 + Level 3.8 Shields


You had 5 spell levels left.
You didn't know any spells.
Your spell library contained the following spells:

 Spells                   Type           Power      Damage    Failure   Level
 Vhi's Electric Charge    Tloc/Air       0%         N/A       82%         3
 Arcjolt                  Conj/Air       0%         1d10      100%        5
 Maxwell's Capacitive Co  Air            0%         ∞         100%        8


Dungeon Overview and Level Annotations

Branches:
Dungeon (3/15)

Altars:

Annotations:
D:2 1 runed translucent door, Crazy Yiuf
D:3 Ijyb, Robin


Innate Abilities, Weirdness & Mutations

You cannot wear most types of armour.
You are amphibious.
You can wear up to eight rings at the same time.
Your skin changes colour to match your surroundings (Stealth+).
Your rubbery body absorbs attacks. (AC +1, EV +1)
((You are camouflaged when in or above water. (Stealth+)))
You have tentacles for arms and can constrict up to eight enemies at once.


Message History

a - a +0 whip (weapon)
Ijyb hits you with a +0 dagger.
You barely miss Ijyb. You grab Ijyb. You squeeze Ijyb.
Ijyb is lightly wounded.
You constrict Ijyb. Ijyb misses you.
You hit Ijyb but do no damage.
Ijyb is lightly wounded.
You constrict Ijyb. Ijyb hits you with a +0 dagger.
You hit Ijyb but do no damage. You squeeze Ijyb, but do no damage.
Ijyb is moderately wounded.
You constrict Ijyb, but do no damage. Ijyb hits you with a +0 dagger.
You barely miss Ijyb.
Ijyb is moderately wounded.
You constrict Ijyb, but do no damage. Ijyb barely misses you.
You hit Ijyb but do no damage.
Ijyb is moderately wounded.
You constrict Ijyb. Ijyb hits you with a +0 dagger.
You hit Ijyb but do no damage.
Ijyb is moderately wounded.
You constrict Ijyb.
Ijyb zaps a wand.
The roots erupt in riotous growth!
The grasping roots grab you!
Ijyb is unaffected.
The grasping roots constrict you.
You hit Ijyb but do no damage.
Ijyb is moderately wounded.
You constrict Ijyb. Ijyb misses you. The grasping roots constrict you.
* * * LOW HITPOINT WARNING * * *
Okay, then.
You hit Ijyb but do no damage. You squeeze Ijyb, but do no damage.
Ijyb is heavily wounded.
You constrict Ijyb. Ijyb hits you with a +0 dagger.
* * * LOW HITPOINT WARNING * * *
The grasping roots constrict you.
* * * LOW HITPOINT WARNING * * *
The grasping roots release their grip on you.
You hit Ijyb. You squeeze Ijyb, but do no damage.
Ijyb is severely wounded.
You constrict Ijyb.
Ijyb zaps a wand.
The roots erupt in riotous growth!
The grasping roots grab you!
Ijyb is unaffected.
The grasping roots constrict you!
You die...

.. .. #...#.#####...##..
#>##.#### #...#.#####.#.....
.##.......# #...#.##........##
#.....g.#.######...#.##.##.#<..##
#.)†..##............##.#...##
#.###..................#..... ..
#.##...........#####..### #.
#.######.g.##### #.## # ..#
#@..###### #.# .### #...##...#
#.# ## ###.#.##...####.#
######...#........##.#
#<)....#####......##.####
###.####...#....[...##.....
##.#.####.#.#.##...#########
##....#........##...# #
##.......##.###.###.## #


You could see Ijyb.

Vanquished Creatures
  Grinder (D:3)
  An orc priest (D:2)
  A sleepcap (D:3)
  Jessica (D:2)
  2 orc wizards (D:2)
  3 adders
  A worm (D:3)
  A dart slug (D:2)
  2 orcs (D:2)
  2 endoplasms (D:2)
  3 giant cockroaches
  4 goblins (D:3)
  9 hobgoblins
  A quokka (D:3)
  A ball python (D:1)
  5 bats
  5 kobolds
  3 rats
46 creatures vanquished.

Notes
Turn   | Place    | Note
-------+----------+-------------------------------------------
     0 | D:1      | BlueFish the Octopode Fighter began the quest for the Orb.
     0 | D:1      | Reached XP level 1. HP: 16/16 MP: 1/1
   166 | D:1      | Reached skill level 1 in Stealth
   315 | D:1      | Found a faded altar of an unknown god.
   342 | D:1      | Reached XP level 2. HP: 17/21 MP: 2/2
   716 | D:2      | Reached skill level 2 in Stealth
   716 | D:2      | Reached XP level 3. HP: 26/26 MP: 3/3
   814 | D:2      | Reached skill level 3 in Stealth
   814 | D:2      | Reached XP level 4. HP: 31/31 MP: 4/4
   951 | D:2      | Noticed Jessica
   965 | D:2      | Killed Jessica
   966 | D:2      | Reached XP level 5. HP: 32/36 MP: 5/5
  1180 | D:2      | Found a runed translucent door.
  1181 | D:2      | Noticed Crazy Yiuf
  1581 | D:3      | Reached skill level 4 in Stealth
  1891 | D:3      | Identified the +1 scimitar of Heti {holy, rN+ Str+7}
  2085 | D:3      | Noticed Grinder
  2093 | D:3      | Killed Grinder
  2094 | D:3      | Reached skill level 1 in Ranged Weapons
  2094 | D:3      | Reached skill level 1 in Throwing
  2094 | D:3      | Reached skill level 5 in Stealth
  2094 | D:3      | Reached XP level 6. HP: 27/43 MP: 6/6
  2172 | D:3      | Noticed Robin
  2235 | D:3      | Noticed Ijyb
  2250 | D:3      | HP: 2/43 [constriction (6)]
  2251 | D:3      | Constricted to death by Ijyb

Illustrated notes

Levels and vault maps discovered:
D:1:      minmay_arrival_five_plusses, layout_loops_ring,
          ebering_ecumenical_altar_hall, chequers_serial_rivers_room_a
D:2:      layout_loops_ring, small_statue_intersection, uniq_jessica,
          uniq_crazy_yiuf_cottage
D:3:      layout_loops_cross, serial_shops, shop, chequers_hall_statues_y,
          uniq_grinder, uniq_ijyb, uniq_robin

Skill      XL: |  1  2  3  4  5 |
---------------+----------------+-----
Stealth        | 1 2 3 5 |  5.1
Maces & Flails | 3 |  3.1
Ranged Weapons | 1 |  1.2
Throwing       | 1 |  1.4
Fighting       | |  3.9
Dodging        | |  3.9
Shields        | |  3.8

Action                     |  1- 3 |  4- 6 || total
---------------------------+-------+-------++-------
  Melee: Whip              |    41 |    74 ||   115
         Flail             |     6 |       ||     6
         Constrict         |    16 |    17 ||    33
         Tentacles         |    18 |    18 ||    36
   Fire: Sling             |       |    31 ||    31
   Stab: Sleeping          |     1 |     4 ||     5
 Armour: Skin              |     2 |     2 ||     4
  Dodge: Dodged            |    25 |    26 ||    51
  Block: Buckler           |    11 |     7 ||    18

Table legend: (Time is in decaauts)
 A = Elapsed time spent in this place.
 B = Non-inter-level travel time spent in this place.
 C = Inter-level travel time spent in this place.
 D = Time resting spent in this place.
 E = Time spent auto-exploring this place.
 F = Levels seen in this place.
 G = Mean time per level.
                   A        B        C        D        E       F      G
               +--------+--------+--------+--------+--------+-----+--------+
         Total |   2254 |   2183 |     71 |      3 |   1777 |   3 |  751.3 |
       Dungeon |   2254 |   2183 |     71 |      3 |   1777 |   3 |  751.3 |
               +--------+--------+--------+--------+--------+-----+--------+

Top non-repeatable levels by time:
     D:2: 926 daAuts
     D:3: 715 daAuts
     D:1: 612 daAuts
